 Dungeon Sprint DCSS version 0.31.0-12-g77e489cdc1 (webtiles) character file.

Game seed: 1676149900567636815

2820 Heoruswealwe the Impaler (level 9, -1/93 HPs)
             Began as a Minotaur Fighter on Feb 15, 2024.
             Was an Initiate of Gozag.
             Slain by a troll (8 damage)
             ... in the Dungeon (Sprint IX: "|||||||||||||||||||||||||||||").
             The game lasted 00:03:29 (273 turns).

Heoruswealwe the Impaler (Minotaur Fighter)          Turns: 273, Time: 00:03:30

Health: -1/93      AC: 21    Str: 28    XL:     9   Next: 45%
Magic:  8/8        EV:  8    Int:  5    God:    Gozag
Gold:   756        SH:  0    Dex: 10    Spells: 8/8 levels left

rFire   . . .        b - +2 halberd (venom)
rCold   . . .        (shield currently unavailable)
rNeg    . . .        c - +0 plate armour
rPois   .            (helmet restricted)
rElec   .            h - +0 cloak
rCorr   .            (no gloves)
SInv    .            e - +0 pair of boots
Will    .....        (no amulet) Stlth
                     k - +2 ring of protection
HPRegen 0.35/turn    j - +3 ring of strength
MPRegen 0.11/turn

%: no teleportation
@: gold aura
A: horns 2, retaliatory headbutt
a: Renounce Religion, Potion Petition, Call Merchant, Bribe Branch


You were in the Dungeon.
You worshipped Gozag.
Gozag was pleased with you.
You visited 1 branch You collected 756 gold pieces.

Inventory:

Hand Weapons
 a - a +0 trident
 b - a +2 halberd of venom (weapon)
Armour
 c - a +0 plate armour (worn)
 d - a +0 buckler
 e - a +0 pair of boots (worn)
 h - a +0 cloak (worn)
Jewellery
 j - a +3 ring of strength (right hand)
 k - a +2 ring of protection (left hand)
Wands
 l - a wand of iceblast (10)
Scrolls
 o - 2 scrolls of blinking
Potions
 g - a potion of haste
 i - a potion of berserk rage
 m - a potion of curing
 n - a potion of might


   Skills:
 + Level 13.6 Fighting
 * Level 18.2 Polearms
 + Level 13.6 Armour
 - Level 3.6 Shields


You had 8 spell levels left.
You didn't know any spells.
Your spell library was empty.

Dungeon Overview and Level Annotations

Branches:
Dungeon (1/1)

Altars:
Cheibriados
Dithmenos
Elyvilon
Fedhas
Gozag
Hepliaklqana
Kikubaaqudgha
Makhleb
Nemelex Xobeh
Okawaru
Qazlal
Ru
Sif Muna
Trog
Uskayaw
Vehumet
Wu Jian
Xom
Yredelemnul
Zin
The Shining One
Jiyva
Lugonu


Innate Abilities, Weirdness & Mutations

You have a pair of horns on your head.
You reflexively headbutt those who attack you in melee.


Message History

Your headbutt misses the centaur warrior.
The centaur warrior is severely wounded.
The centaur warrior hits you but does no damage.
The centaur warrior kicks you but does no damage.
You hit the centaur warrior but do no damage.
The centaur warrior looks as sick as possible!
You headbutt the centaur warrior.
The centaur warrior is severely wounded.
The centaur warrior hits you!
* * * LOW HITPOINT WARNING * * *
The centaur warrior kicks you.
* * * LOW HITPOINT WARNING * * *
You feel better.
The centaur warrior hits you but does no damage.
The centaur warrior kicks you.
* * * LOW HITPOINT WARNING * * *
The centaur warrior hits you.
* * * LOW HITPOINT WARNING * * *
The centaur warrior kicks you but does no damage.
You slash the centaur warrior!
You kill the centaur warrior!
Your Fighting skill increases to level 13!
Your Polearms skill increases to level 18!
You feel better.
You hit the troll. You headbutt the troll.
The troll is moderately wounded.
The troll bites you.
* * * LOW HITPOINT WARNING * * *
The troll claws you.
* * * LOW HITPOINT WARNING * * *
The troll claws you.
* * * LOW HITPOINT WARNING * * *
You barely miss the troll.
The troll is lightly wounded.
The troll bites you.
* * * LOW HITPOINT WARNING * * *
The troll barely misses you. The troll claws you but does no damage.
You feel better. The troll bites you!
You die...
Your body crumbles into a pile of gold. ▓▓▓▓▓▓▓▓▓▓▓▓▓▓▓▓▓▓▓▓▓▓▓▓ +.....T@.....)'.....[)?! ▓▓▓▓▓▓▓▓▓▓▓▓▓▓▓▓▓▓▓▓▓▓▓▓

You could see a troll.

Vanquished Creatures
  A centaur warrior (D)
  A two-headed ogre (D)
  2 cyclopes (D)
  A troll (D)
  2 yaks (D)
  2 wraiths (D)
  A howler monkey (D)
  A bombardier beetle (D)
  An orc wizard (D)
  An ufetubus (D)
  2 orcs (D)
  2 endoplasms (D)
  A hobgoblin (D)
  A quokka (D)
  A ball python (D)
  A frilled lizard (D)
21 creatures vanquished.

Notes
Turn   | Place    | Note
-------+----------+-------------------------------------------
     0 | D        | Heoruswealwe the Minotaur Fighter began the quest for the
                  | Orb.
     0 | D        | Reached XP level 1. HP: 19/19 MP: 0/0
     9 | D        | Reached skill level 3 in Polearms
    42 | D        | Noticed a bombardier beetle
    50 | D        | Reached skill level 4 in Polearms
    54 | D        | Reached XP level 2. HP: 21/28 MP: 1/1
    59 | D        | Killed a bombardier beetle
    60 | D        | Reached skill level 5 in Fighting
    60 | D        | Reached skill level 6 in Polearms
    60 | D        | Reached skill level 5 in Armour
    60 | D        | Reached XP level 3. HP: 13/36 MP: 2/2
    62 | D        | HP: 1/36 [burnt (2)]
    70 | D        | Found a snail-covered altar of Cheibriados.
    70 | D        | Found a shadowy altar of Dithmenos.
    70 | D        | Found a white marble altar of Elyvilon.
    70 | D        | Found a blossoming altar of Fedhas.
    70 | D        | Found an opulent altar of Gozag.
    71 | D        | Found a hazy altar of Hepliaklqana.
    72 | D        | Found a viscous altar of Jiyva.
    73 | D        | Found an ancient bone altar of Kikubaaqudgha.
    74 | D        | Found a corrupted altar of Lugonu.
    75 | D        | Found a burning altar of Makhleb.
    76 | D        | Found a sparkling altar of Nemelex Xobeh.
    77 | D        | Found an iron altar of Okawaru.
    78 | D        | Became a worshipper of Gozag Ym Sagoz the Greedy
    79 | D        | Found a stormy altar of Qazlal.
    80 | D        | Found a sacrificial altar of Ru.
    81 | D        | Found a shimmering blue altar of Sif Muna.
    82 | D        | Found a bloodstained altar of Trog.
    83 | D        | Found a hide-covered altar of Uskayaw.
    84 | D        | Found a radiant altar of Vehumet.
    85 | D        | Found an ornate altar of the Wu Jian Council.
    86 | D        | Found a shimmering altar of Xom.
    87 | D        | Found a basalt altar of Yredelemnul.
    88 | D        | Found a glowing silver altar of Zin.
    89 | D        | Found a glowing golden altar of the Shining One.
   146 | D        | Noticed a wraith
   146 | D        | Noticed a yak
   146 | D        | Noticed a yak
   146 | D        | Noticed a two-headed ogre
   153 | D        | Killed a two-headed ogre
   154 | D        | Reached skill level 10 in Fighting
   154 | D        | Reached skill level 13 in Polearms
   154 | D        | Reached skill level 10 in Armour
   154 | D        | Reached XP level 4. HP: 38/51 MP: 3/3
   154 | D        | Reached XP level 5. HP: 43/58 MP: 4/4
   154 | D        | Reached XP level 6. HP: 49/66 MP: 5/5
   154 | D        | Reached XP level 7. HP: 54/72 MP: 6/6
   161 | D        | Killed a yak
   162 | D        | Reached skill level 14 in Polearms
   168 | D        | Killed a yak
   171 | D        | Killed a wraith
   172 | D        | Reached skill level 15 in Polearms
   172 | D        | Reached XP level 8. HP: 60/82 MP: 7/7
   238 | D        | Noticed a centaur warrior
   238 | D        | Noticed a troll
   238 | D        | Noticed a cyclops
   238 | D        | Noticed a cyclops
   238 | D        | Noticed a troll
   240 | D        | Killed a troll
   244 | D        | Killed a cyclops
   245 | D        | Reached skill level 16 in Polearms
   254 | D        | Killed a cyclops
   255 | D        | Reached skill level 17 in Polearms
   255 | D        | Reached XP level 9. HP: 42/92 MP: 8/8
   267 | D        | HP: 4/92 [centaur warrior (2)]
   269 | D        | Killed a centaur warrior
   270 | D        | Reached skill level 18 in Polearms
   272 | D        | HP: 2/93 [troll (6)]
   273 | D        | Slain by a troll

Illustrated notes

Levels and vault maps discovered:
D:        linesprint [early_d, line_temple, items_1, d_10, items_2, lair_1,
          lair_end, items_3, orc_1, orc_end, items_4, d_15, swamp_1, shoals_1,
          snake_1, spider_1, d_20, vaults_1, items_5, swamp_end, shoals_end,
          snake_end, spider_end, vaults_end, d_27, items_6, zot_1, zot_end,
          crypt_end, forest_end, elf_end, slime_end, tomb_end, abyss_end,
          pan_hell_end]

Skill      XL: |  1  2  3  4  5  6  7  8  9 |
---------------+----------------------------+-----
Polearms       | 4 6 13 15 17 18 | 18.2
Fighting       | 4 5 10 11 12 13 | 13.6
Armour         | 4 5 10 11 13 | 13.6
Shields        | |  3.6

Action                     |  1- 3 |  4- 6 |  7- 9 || total
---------------------------+-------+-------+-------++-------
  Melee: Trident           |    28 |       |       ||    28
         Headbutt          |     4 |       |    14 ||    18
         Halberd           |     4 |       |    40 ||    44
    Use: Potion            |     3 |       |     4 ||     7
   Stab: Distracted        |       |       |     1 ||     1
 Armour: Scale mail        |    18 |       |       ||    18
         Plate armour      |     5 |       |    39 ||    44
  Dodge: Dodged            |    11 |       |     6 ||    17
  Block: Buckler           |     3 |       |       ||     3
